 Dungeon Crawl Stone Soup version 0.26.1-2-gb8aa6d0cf2 (webtiles) character file.

Game seed: 16533474836041830950

153 skwiii the Chopper (level 5, -17/46 HPs)
             Began as a Hill Orc Gladiator on Feb 19, 2021.
             Killed by an exploding a goblin (35 damage)
             ... exploding inner flame
             ... on level 3 of the Dungeon on Feb 20, 2021.
             The game lasted 00:03:38 (2670 turns).

skwiii the Chopper (Hill Orc Gladiator)             Turns: 2670, Time: 00:03:42

Health: -17/46     AC:  7    Str: 18    XL:     5   Next: 35%
Magic:  5/5        EV: 10    Int:  8    God:
Gold:   65         SH:  0    Dex: 12    Spells: 4/4 levels left

rFire    . . .     SeeInvis .   a - +0 war axe
rCold    . . .     Faith    .   (no shield)
rNeg     . . .     Spirit   .   g - +0 scale mail
rPois    .         Reflect  .   c - +0 helmet
rElec    .         Harm     .   (no cloak)
rCorr    .         Rampage  .   (no gloves)
Will     .....                  (no boots)
Stlth    ..........             (no amulet)
HPRegen  0.15/turn              (no ring)
MPRegen  0.09/turn              (no ring)

@: no status effects
A: no striking features
a: no special abilities


You were on level 3 of the Dungeon.
You visited 1 branch of the dungeon, and saw 3 of its levels.

You collected 65 gold pieces.

Inventory:

Hand Weapons
 a - a +0 war axe (weapon)
Missiles
 d - 3 throwing nets (quivered)
 f - 9 sling bullets
Armour
 b - a +0 leather armour
 c - a +0 helmet (worn)
 g - a +0 scale mail (worn)
Jewellery
 n - an uncursed amulet of faith {unknown}
 o - an uncursed ring of resist corrosion {unknown}
Scrolls
 h - 2 scrolls of immolation
 i - a scroll of teleportation {unknown}
 k - 4 scrolls of identify
 m - a scroll of remove curse {unknown}
Potions
 e - a potion of lignification {unknown}
 l - a potion of curing {unknown}
 p - a potion of flight {unknown}


   Skills:
 * Level 4.1 Fighting
 * Level 5.6 Axes
 + Level 2.5 Throwing
 + Level 2.9 Dodging


You had 4 spell levels left.
You didn't know any spells.
Your spell library was empty.

Dungeon Overview and Level Annotations

Branches:
Dungeon (3/15)

Altars:


Message History

The orc priest hits you but does no damage.
The orc barely misses you.
The orc priest casts a cantrip, but nothing happens.
The goblin hits you with a +0 dagger.
The orc priest hits you but does no damage.
The goblin hits you but does no damage. The goblin barely misses you.
The goblin completely misses you.
The orc priest miscasts a cantrip.
The orc's inner flame fades away.
Okay, then.
The orc's inner flame fades away.
The goblin hits you but does no damage.
You slash the goblin!
The goblin explodes!
The fiery explosion engulfs the orc!!
You kill the orc!
The fiery explosion engulfs you!!
Ouch! That really hurt!
You die...

#.# ######### #o#
#........ #.#
#........ #.#
#........ #o#
#######........ #.#
#....##........ #.#
#....##........
#.#####....##........
#.[§@..........†.....
#######....##........
#....##...#.#.#
#....####.#.#.#
#....# #.#.#.# #....#
#.#.#.# #.)..#
#.#.#.# #....#
#...... ######
#####..


There were no monsters in sight!

Vanquished Creatures
  A bullfrog (D:3)
  3 adders
  2 worms (D:2)
  4 leopard geckos
  2 orcs (D:3)
  4 bats
  A giant cockroach (D:2)
  9 goblins
  4 hobgoblins
  4 jackals (D:1)
  A ball python (D:2)
  3 frilled lizards
  6 kobolds
  10 rats
54 creatures vanquished.

Notes
Turn   | Place    | Note
-------+----------+-------------------------------------------
     0 | D:1      | skwiii the Hill Orc Gladiator began the quest for the Orb.
     0 | D:1      | Reached XP level 1. HP: 18/18 MP: 1/1
   165 | D:1      | Reached XP level 2. HP: 25/25 MP: 2/2
   589 | D:1      | Reached XP level 3. HP: 31/31 MP: 3/3
  1569 | D:2      | Reached XP level 4. HP: 27/38 MP: 4/4
  1830 | D:3      | Noticed a bullfrog
  1839 | D:3      | Killed a bullfrog
  1840 | D:3      | Reached skill level 5 in Axes
  1840 | D:3      | Reached XP level 5. HP: 45/46 MP: 5/5
  2670 | D:3      | Killed by an exploding a goblin... exploding inner flame

Illustrated notes

Levels and vault maps discovered:
D:1:      elethiomel_arrival_shortcut, layout_loops_ring,
          minmay_misc_feat_encased
D:2:      layout_basic
D:3:      layout_basic, minmay_misc_feat_rows, grunt_ministairs_6

Skill      XL: |  1  2  3  4 |
---------------+-------------+-----
Throwing       | 2 |  2.5
Fighting       | 3 4 |  4.1
Axes           | 5 |  5.6
Dodging        | |  2.9

Action                   |  1- 3 |  4- 6 || total
-------------------------+-------+-------++-------
Melee: War axe           |   105 |    59 ||   164
  Use: Scroll            |     2 |     2 ||     4
Armor: Leather armour    |    11 |       ||    11
       Scale mail        |    20 |    39 ||    59
Dodge: Dodged            |    78 |    55 ||   133
